 Dungeon Crawl Stone Soup version 0.26.1-11-gd32895ea62 (webtiles) character file.

Game seed: 7351103136896882267

8514 Kalagan26 the Geomancer (level 11, -6/59 HPs)
             Began as a Gargoyle Earth Elementalist on June 20, 2021.
             Was an Elder of Vehumet.
             Mangled by a seven-headed hydra (7 damage)
             ... on level 2 of the Lair of Beasts.
             The game lasted 02:48:38 (17889 turns).

Kalagan26 the Geomancer (GrEE)                     Turns: 17889, Time: 02:48:39

Health: -6/59      AC: 13    Str: 12    XL:     11   Next: 32%
Magic:  25/25      EV: 13    Int: 19    God:    Vehumet [****..]
Gold:   587        SH:  0    Dex: 10    Spells: 17/30 levels left

rFire    + . .     SeeInvis .   b - +6 trident
rCold    . . .     Faith    .   (no shield)
rNeg     + . .     Spirit   .   x - +2 robe
rPois    ∞         Reflect  .   (no helmet)
rElec    +         Harm     .   (no cloak)
rCorr    .         Rampage  .   C - +0 pair of gloves
Will     .....                  (no boots)
Stlth    ++........             I - amulet of magic regeneration
HPRegen  0.19/turn              r - ring of protection from fire
MPRegen  0.44/turn              P - ring of flight

@: hasted (expiring), very quick
A: negative energy resistance 1, electricity resistance, unbreathing,
petrification resistance, miasma immunity, AC +8
a: Renounce Religion, Evoke Flight


You were on level 2 of the Lair of Beasts.
You worshipped Vehumet.
Vehumet was greatly pleased with you.
You visited 2 branches of the dungeon, and saw 13 of its levels.

You collected 587 gold pieces.

Inventory:

Hand Weapons
 b - a +6 trident (weapon)
 d - a +0 dagger
 q - a +1 whip of flaming
 v - a +2 dagger of pain
 w - a +0 vorpal trident
Missiles
 c - 52 sling bullets
 i - 56 arrows
 m - 58 poisoned darts
 H - 57 stones
Armour
 p - a +2 leather armour of cold resistance
 t - a +0 robe
 x - a +2 robe (worn)
 C - a +0 pair of gloves (worn)
Jewellery
 r - a ring of protection from fire (left hand)
 y - an uncursed amulet of inaccuracy
 I - an amulet of magic regeneration (around neck)
 P - a ring of flight (right hand)
Wands
 e - a wand of random effects (16)
 o - a wand of acid (13)
 F - a wand of iceblast (8)
 M - a wand of flame (19)
 O - a wand of polymorph (14)
Scrolls
 h - a scroll of enchant weapon
 j - 2 scrolls of remove curse
 l - 2 scrolls of teleportation
 A - a scroll of amnesia
 B - 2 scrolls of enchant armour
 E - a scroll of fog {unknown}
 K - a scroll of fear
 L - a scroll of noise
 N - 2 scrolls of identify
Potions
 a - a potion of haste
 f - 3 potions of heal wounds {unknown}
 g - 2 potions of mutation {unknown}
 k - 4 potions of might
 n - a potion of ambrosia {unknown}
 s - 7 potions of flight
 u - 2 potions of degeneration {unknown}
 z - 3 potions of attraction {unknown}
 G - 3 potions of cancellation {unknown}
 J - a potion of resistance {unknown}
Miscellaneous
 D - a phantom mirror


   Skills:
 + Level 2.8 Fighting
 + Level 2.2 Short Blades
 - Level 0.4 Polearms
 + Level 0.2 Throwing
 + Level 3.5 Dodging
 + Level 4.0 Stealth
 + Level 10.1 Spellcasting
 + Level 5.2 Conjurations
 * Level 4.3 Summonings
 + Level 1.1 Transmutations
 + Level 0.2 Air Magic
 + Level 11.7 Earth Magic


You had 17 spell levels left.
You knew the following spells:

 Your Spells              Type           Power        Failure   Level
a - Sandblast             Erth           100%         1%          1
b - Summon Small Mammal   Summ           100%         1%          1
c - Shock                 Conj/Air       80%          1%          1
d - Petrify               Tmut/Erth      34%          5%          4
e - Stone Arrow           Conj/Erth      82%          1%          3
f - Ignite Poison         Fire/Tmut/Pois 11%          5%          3

Your spell library contained the following spells:

 Spells                   Type           Power        Failure   Level
 Passwall                 Tmut/Erth      28%          1%          2
 Lee's Rapid Deconstruct  Erth           26%          1%          5
 Summon Demon             Summ           13%          34%         5
 Summon Forest            Summ/Tloc      8%           63%         5
 Dragon's Call            Summ           13%          100%        9


Dungeon Overview and Level Annotations

Branches:
Dungeon (11/15)            Temple (0/1) D:6            Lair (2/6) D:11
  Swamp: Lair:2-4    Shoals: Lair:2-4     Snake: Lair:2-4    Spider: Lair:2-4
    Orc: D:9-12

Altars:
Cheibriados
Dithmenos
Fedhas
Hepliaklqana
Nemelex Xobeh
Okawaru
Trog
Vehumet
Wu Jian
Yredelemnul

Shops:
D:10 (

Annotations:
D:7 2 transporters, kalagan's ghost, novice DECj
D:8 Erica


Innate Abilities, Weirdness & Mutations

You are resistant to torment.
Your stone body is resilient. (AC +8)
You are immune to poison.
You resist negative energy. (rN+)
You are resistant to electric shocks. (rElec)
You can survive without breathing.
You are immune to petrification.
You are immune to miasma.


Message History

The seven-headed hydra bites you.
* * * LOW HITPOINT WARNING * * *
The seven-headed hydra bites you.
* * * LOW HITPOINT WARNING * * *
You climb downwards.
There is a stone staircase leading up here.
Unknown command.
You are a level 11 Gargoyle Earth Elementalist.
You are 32% of the way to level 12.
Play time: 02:48:21 (17889 turns).
Zot will find you in 11847 turns if you stay in this branch and explore no new floors.
Okay, then.
You drop a scroll of enchant armour.
The seven-headed hydra bites you.
* * * LOW HITPOINT WARNING * * *
The seven-headed hydra closely misses you.
The seven-headed hydra bites you.
* * * LOW HITPOINT WARNING * * *
The seven-headed hydra bites you.
* * * LOW HITPOINT WARNING * * *
The seven-headed hydra bites you!
You die...

## ##.#
#... #
#...
#..#...###
.......DP#
.......@#
#.......#
#...##..#
#.. #### #


You could see a seven-headed hydra.

Vanquished Creatures
  Pikel (D:7)
  An ugly thing (D:9)
  2 centaur zombies (D:11)
  A centaur skeleton (D:10)
  A meliai zombie (D:10)
  A spriggan (D:9)
  4 yaks (D:9)
  A wraith (D:11)
  2 wyverns
  2 vampire mosquitoes (D:10)
  Edmund (D:4)
  2 water moccasins
  A sky beast (D:9)
  An ice beast (D:9)
  An orc warrior (D:6)
  7 ogres
  3 phantoms
  5 centaurs
  An eye of draining (D:7)
  4 lemures (D:7)
  A big kobold (D:10)
  6 bullfrogs
  Blork the orc (D:4)
  A scorpion (D:11)
  8 killer bees (D:11)
  17 wights
  3 electric eels (D:10)
  6 howler monkeys
  2 bullfrog zombies
  A quasit (D:11)
  5 bullfrog skeletons
  10 orc priests
  6 hounds
  4 iguanas
  Natasha (thrice) (D:2)
  5 orc wizards
  8 worker ants
  Terence (D:2)
  A hound zombie (D:6)
  2 worker ant zombies
  3 gnolls (D:4)
  10 adders
  A shadow imp (D:10)
  2 white imps
  An ufetubus (D:8)
  An adder zombie (D:7)
  2 adder skeletons
  7 worms
  A dart slug (D:3)
  7 leopard geckos
  36 orcs
  2 ball pythons (D:3)
  6 bats
  6 giant cockroaches
  8 goblins
  10 hobgoblins
  16 jackals
  9 kobolds
  5 quokkas
  2 frilled lizards (D:1)
  A jackal skeleton (D:4)
  A leopard gecko zombie (D:7)
  A quokka skeleton (D:5)
  9 rats
280 creatures vanquished.

Vanquished Creatures (collateral kills)
  4 orcs (D:6)
4 creatures vanquished.

Vanquished Creatures (others)
  A wizard (D:4)
  2 fungi (Lair:1)
  3 withered plants (D:7)
6 creatures vanquished.

Grand Total: 290 creatures vanquished

Notes
Turn   | Place    | Note
-------+----------+-------------------------------------------
     0 | D:1      | Kalagan26 the Gargoyle Earth Elementalist began the quest
                  | for the Orb.
     0 | D:1      | Reached XP level 1. HP: 10/10 MP: 3/3
   594 | D:1      | Reached skill level 4 in Earth Magic
   611 | D:1      | Reached XP level 2. HP: 10/15 MP: 0/5
  1261 | D:2      | Reached XP level 3. HP: 19/19 MP: 3/6
  1621 | D:2      | Noticed Terence
  1701 | D:2      | Noticed Natasha
  1706 | D:2      | Killed Natasha
  1707 | D:2      | Reached skill level 1 in Short Blades
  1707 | D:2      | Reached XP level 4. HP: 24/24 MP: 4/8
  1991 | D:2      | Noticed Natasha
  1999 | D:2      | Killed Natasha
  2140 | D:2      | Killed Terence
  2141 | D:2      | Reached XP level 5. HP: 17/28 MP: 8/10
  2343 | D:2      | Reached skill level 5 in Earth Magic
  2372 | D:2      | Found an ornate altar of the Wu Jian Council.
  2378 | D:2      | Noticed a spectral centipede
  2378 | D:2      | Noticed a spectral black mamba
  2378 | D:2      | Noticed a spectral cane toad
  2427 | D:2      | Noticed Natasha
  2433 | D:2      | Killed Natasha
  3707 | D:3      | Reached XP level 6. HP: 14/33 MP: 3/12
  4595 | D:3      | Reached skill level 1 in Fighting
  5081 | D:4      | Found a radiant altar of Vehumet.
  5096 | D:4      | Became a worshipper of Vehumet
  5292 | D:4      | Noticed Blork the orc
  5295 | D:4      | Killed Blork the orc
  5305 | D:4      | Found a bloodstained altar of Trog.
  5308 | D:4      | Noticed a wizard
  5313 | D:4      | Killed a wizard
  5496 | D:4      | Reached XP level 7. HP: 38/38 MP: 10/14
  5527 | D:4      | Reached skill level 5 in Spellcasting
  5527 | D:4      | Reached skill level 6 in Earth Magic
  6269 | D:5      | Entered Level 5 of the Dungeon
  6272 | D:5      | Noticed Edmund
  6280 | D:5      | Reached XP level 8. HP: 44/44 MP: 10/16
  6321 | D:4      | Killed Edmund
  6322 | D:4      | Reached skill level 7 in Earth Magic
  6777 | D:5      | Identified Latitzep's Volume of Creation
  6822 | D:5      | Found a hazy altar of Hepliaklqana.
  7114 | D:4      | Learned a level 1 spell: Summon Small Mammal
  7503 | D:6      | Reached * piety under Vehumet
  7503 | D:6      | Offered knowledge of Shock by Vehumet.
  7580 | D:6      | Learned a level 1 spell: Shock
  7839 | D:6      | Found a shadowy altar of Dithmenos.
  7894 | D:6      | Reached skill level 8 in Earth Magic
  8206 | D:6      | Reached XP level 9. HP: 48/48 MP: 17/19
  8220 | D:6      | Found a sparkling altar of Nemelex Xobeh.
  8220 | D:6      | Found an iron altar of Okawaru.
  8396 | D:6      | Found a shadowy altar of Dithmenos.
  8405 | D:6      | Found a blossoming altar of Fedhas.
  8422 | D:6      | Found a faded altar of an unknown god.
  8577 | D:7      | Reached skill level 9 in Earth Magic
  8639 | D:7      | Reached skill level 1 in Summonings
  8677 | D:7      | Found a transporter.
  8677 | D:7      | Noticed kalagan's ghost (novice DECj)
  8681 | D:7      | Noticed a six-headed hydra
  8780 | D:7      | Noticed Pikel
  9040 | D:7      | Reached ** piety under Vehumet
  9040 | D:7      | Offered knowledge of Freeze by Vehumet.
  9102 | D:7      | Found a flagged portal.
  9205 | D:7      | Learned a level 4 spell: Petrify
  9262 | D:7      | Found a basalt altar of Yredelemnul.
 10329 | D:6      | Learned a level 3 spell: Stone Arrow
 10911 | D:7      | Killed Pikel
 10912 | D:7      | Reached skill level 1 in Conjurations
 11061 | D:7      | Found a transporter.
 11778 | D:8      | Reached skill level 10 in Earth Magic
 12129 | D:8      | Reached XP level 10. HP: 29/53 MP: 1/22
 12408 | D:8      | Noticed Erica
 12975 | D:9      | Found a snail-covered altar of Cheibriados.
 13465 | D:9      | Noticed a white ugly thing
 13478 | D:9      | Killed a white ugly thing
 13479 | D:9      | Reached skill level 1 in Transmutations
 13479 | D:9      | Offered knowledge of Dazzling Flash by Vehumet.
 14602 | D:9      | Reached *** piety under Vehumet
 15207 | D:10     | Entered Level 10 of the Dungeon
 15216 | D:10     | Reached skill level 11 in Earth Magic
 16232 | D:10     | Found Ampoticau's Antique Weapon Shoppe.
 16443 | D:10     | Reached XP level 11. HP: 47/59 MP: 9/24
 16472 | D:10     | Offered knowledge of Sticky Flame by Vehumet.
 16895 | D:11     | Reached skill level 10 in Spellcasting
 16943 | D:11     | Reached skill level 5 in Conjurations
 17009 | D:11     | Noticed a centaur warrior
 17104 | D:11     | Found a staircase to the Lair.
 17261 | D:11     | Reached **** piety under Vehumet
 17724 | Lair:1   | Entered Level 1 of the Lair of Beasts
 17735 | Lair:1   | Offered knowledge of Ignite Poison by Vehumet.
 17742 | Lair:1   | Learned a level 3 spell: Ignite Poison
 17828 | Lair:1   | Noticed a five-headed hydra
 17881 | Lair:1   | Noticed a seven-headed hydra
 17889 | Lair:2   | HP: 2/59 [seven-headed hydra (4)]
 17889 | Lair:2   | Mangled by a seven-headed hydra

Illustrated notes

Levels and vault maps discovered:
D:1:      roderic_crossed_star, layout_rooms
D:2:      layout_loops_ring, pdpol_wu_jian_five_deadly_venoms, uniq_natasha,
          uniq_terence
D:3:      layout_rooms, kennysheep_generic_room_12
D:4:      layout_layer_cave, vehumet_crystals, trog_wizard, uniq_blork_the_orc
D:5:      layout_rooms, marbit_many_paths, okawaru_altar_gauntlet_db,
          uniq_edmund
D:6:      layout_rooms, chequers_temple_overflow_minitemple,
          minmay_temple_entry_fiery, basic_altar, due_unseen_surprise
D:7:      layout_basic, yredelemnul_altar_generic, nzn_ghost_randoct,
          enter_bailey_4, uniq_pikel
D:8:      layout_cave_pods, uniq_erica, uniq_maggie
D:9:      layout_cave_pools, nicolae_overflow_crystal_walls, the_bakery
D:10:     erik_rubicon_a, layout_basic, serial_shops, shop
D:11:     minmay_cut_squares, layout_basic, lair_entry_dummy,
          gauntlet_entry_generic, uniq_josephine
Lair:1:   layout_regular_city, grunt_megastairs_2
Lair:2:   regret_index_tunnel_blossom, layout_misc_corridors

Skill      XL: |  1  2  3  4  5  6  7  8  9 10 11 |
---------------+----------------------------------+-----
Earth Magic    | 4 5 6 8 10 11 | 11.7
Short Blades   | 1 2 |  2.2
Spellcasting   | 3 4 5 7 8 9 10 | 10.1
Fighting       | 1 2 |  2.8
Dodging        | 2 3 |  3.5
Stealth        | 3 4 |  4.0
Summonings     | 1 3 4 |  4.3
Conjurations   | 1 4 5 |  5.2
Transmutations | 1 |  1.1
Polearms       | |  0.4
Throwing       | |  0.2
Air Magic      | |  0.2

Action                   |  1- 3 |  4- 6 |  7- 9 | 10-12 || total
-------------------------+-------+-------+-------+-------++-------
Melee: Dagger            |     9 |    72 |    31 |       ||   112
       Trident           |       |       |    18 |    65 ||    83
Throw: Dart              |       |     7 |       |       ||     7
 Cast: Sandblast         |    41 |    70 |   163 |    62 ||   336
       Shock             |       |       |    16 |       ||    16
       Summon Small Mamm |       |       |    30 |       ||    30
       Stone Arrow       |       |       |    48 |   144 ||   192
       Petrify           |       |       |       |     9 ||     9
 Abil: Stop Flying       |       |       |       |     1 ||     1
       Evoke Flight      |       |       |       |     1 ||     1
Evoke: Wand              |       |       |     5 |       ||     5
  Use: Scroll            |       |     1 |    11 |     6 ||    18
       Potion            |       |       |     4 |     3 ||     7
 Stab: Petrifying        |       |       |       |     1 ||     1
Armor: Robe              |     6 |    68 |    70 |    88 ||   232
Dodge: Dodged            |    14 |   151 |   120 |   133 ||   418
